 Dungeon Crawl Stone Soup version 0.18-b1-18-g7758cf2 (webtiles) character file.

3460 CragHack the Carver (level 10, 0/79 HPs)
             Began as a Human Berserker on May 2, 2016.
             Was an Elder of Trog.
             Slain by a crocodile (14 damage)
             ... on level 8 of the Dungeon.
             The game lasted 00:50:16 (6234 turns).

CragHack the Carver (Human Berserker)               Turns: 6234, Time: 00:50:19

Health: 0/79       AC: 11    Str: 20    XL:     10   Next: 26%
Magic:  10/10      EV: 11    Int:  8    God:    Trog [****..]
Gold:   436        SH:  0    Dex: 13    Spells: 0 memorised, 9 levels left

rFire  . . .     SeeInvis .     z - +2 great sword
rCold  . . .     Gourm    .     i - +0 chain mail
rNeg   . . .     Faith    .     (shield currently unavailable)
rPois  .         Spirit   .     (no helmet)
rElec  .         Dismiss  .     s - +0 cloak
rCorr  .         Reflect  .     (no gloves)
SustAt .         Harm     .     (no boots)
MR     .....                    (no amulet)
Stlth  ..........               (no ring)
                                r - +1 ring of evasion

@: exhausted, slowed, very slow, not resistant to hostile enchantments,
extremely unstealthy
A: no striking features
a: Berserk, Trog's Hand, Brothers in Arms, Burn Spellbooks, Renounce Religion


You were on level 8 of the Dungeon.
You worshipped Trog.
Trog was greatly pleased with you.
You were near starving.

You visited 2 branches of the dungeon, and saw 9 of its levels.

You collected 436 gold pieces.

Inventory:

Hand Weapons
 z - a +2 great sword (weapon)
Missiles
 b - 4 tomahawks (quivered)
 w - 2 javelins of penetration
 A - 7 javelins
Armour
 i - a +0 chain mail (worn)
 s - a +0 cloak (worn)
Jewellery
 r - a +1 ring of evasion (left hand)
Wands
 c - a wand of slowing (48/48)
 e - a wand of iceblast (5/15)
 l - a wand of digging (18/24)
 p - a wand of lightning (6/15)
 u - a wand of lightning (4/15)
Scrolls
 d - 3 scrolls of blinking
 h - 3 scrolls of teleportation
 j - 4 scrolls of enchant armour
 x - 4 scrolls of remove curse
 y - a scroll of enchant weapon
Potions
 a - a potion of curing
 f - a potion of agility
 g - a potion of magic {unknown}
 k - 2 potions of haste
 n - 2 potions of cure mutation
 o - a potion of mutation
 v - 2 potions of flight
 B - a potion of brilliance {unknown}
Comestibles
 m - 2 meat rations
 q - 3 fruits
 t - a bread ration


   Skills:
 * Level 7.6 Fighting
 * Level 9.1 Long Blades
 + Level 2.1 Throwing
 + Level 5.6 Armour
 + Level 5.5 Dodging
 + Level 0.7 Stealth
   Level 3.2 Shields
 + Level 0.2 Evocations


You had 9 spell levels left.
You didn't know any spells.

Dungeon Overview and Level Annotations

Branches:
Dungeon (8/15)             Temple (1/1) D:7
   Lair: D:8-11

Altars:
Ashenzari
Cheibriados
Dithmenos
Elyvilon
Fedhas
Gozag
Makhleb
Nemelex Xobeh
Okawaru
Pakellas
Qazlal
Ru
Sif Muna
Trog
Vehumet
Xom
Yredelemnul
Zin
The Shining One


Message History

You are feeling hungry.
The crocodile closely misses you. The hungry ghost misses you.
The crocodile bites you!
Your ogre goes berserk!
You are feeling very hungry.
The hungry ghost misses you. The crocodile bites you.
* * * LOW HITPOINT WARNING * * *
The hungry ghost barely misses you. The crocodile closely misses you.
You closely miss the hungry ghost.
The hungry ghost is almost destroyed.
Your ogre closely misses the crocodile.
The hungry ghost closely misses you. The crocodile closely misses you.
Your ogre barely misses the crocodile.
You barely miss the hungry ghost.
The hungry ghost is almost destroyed.
The hungry ghost hits you.
You are near starving!
Your ogre barely misses the crocodile.
The crocodile bites you!
* * * LOW HITPOINT WARNING * * *
The hungry ghost barely misses you. The crocodile bites you!
You die...

# ... ##.. #..#
#######..###
#..........#
#....O...^.#
#.....t....#
......W@...#
#..........#
###..........#
#.$.##..........
#.# ##.....####
# ...##.# ...#
.. #.>.? ...


You could see a hungry ghost, a crocodile and a friendly ogre (berserk).

Vanquished Creatures
  Pikel (D:5)
  Sigmund (D:3)
  Menkaure (D:4)
  Duvessa (D:4)
  An orc warrior (D:6)
  A black bear (D:6)
  3 phantoms
  3 sky beasts
  2 ogres
  A centaur (D:7)
  4 giant frogs
  Dowan (D:4)
  4 howler monkeys (D:7)
  2 crimson imps
  A giant frog zombie (D:5)
  2 hounds
  Crazy Yiuf (D:5)
  A giant frog skeleton (D:7)
  17 orc wizards
  6 worker ants
  A hound zombie (D:5)
  A worker ant zombie (D:7)
  5 gnolls
  14 adders
  An ooze (D:1)
  An adder zombie (D:8)
  A worm (D:5)
  6 dart slugs
  9 giant geckos
  27 orcs
  6 bats
  6 giant cockroaches
  7 goblins
  6 hobgoblins
  6 jackals
  7 kobolds
  4 quokkas
  2 ball pythons
  2 giant newts (D:2)
  2 rats
  A fungus (D:5)
169 creatures vanquished.

Vanquished Creatures (others)
  A hound (D:5)
  An orc wizard (D:6)
  An orc (D:6)
3 creatures vanquished.

Grand Total: 172 creatures vanquished

Notes
Turn   | Place    | Note
--------------------------------------------------------------
     0 | D:1      | CragHack the Human Berserker began the quest for the Orb.
     0 | D:1      | Reached XP level 1. HP: 18/18 MP: 1/1
   230 | D:1      | Reached XP level 2. HP: 24/24 MP: 2/2
   748 | D:1      | Reached XP level 3. HP: 29/29 MP: 3/3
   976 | D:2      | Reached XP level 4. HP: 26/36 MP: 4/4
  1146 | D:2      | Reached ** piety under Trog
  1547 | D:2      | Reached XP level 5. HP: 28/42 MP: 5/5
  1979 | D:3      | Reached skill level 4 in Long Blades
  2018 | D:3      | Noticed Sigmund
  2102 | D:3      | Killed Sigmund
  2102 | D:3      | Reached skill level 1 in Shields
  2102 | D:3      | Reached XP level 6. HP: 48/48 MP: 6/6
  2168 | D:3      | Reached *** piety under Trog
  2472 | D:3      | Reached XP level 7. HP: 54/54 MP: 7/7
  2539 | D:4      | Noticed Duvessa
  2540 | D:4      | Reached skill level 5 in Long Blades
  2541 | D:4      | Noticed Dowan
  2557 | D:4      | Killed Duvessa
  2561 | D:4      | Killed Dowan
  2566 | D:4      | Gained mutation: Scrolls take you a little longer to read. [potion of mutation]
  2566 | D:4      | Gained mutation: Armour fits poorly on your strangely shaped body. [potion of mutation]
  2567 | D:4      | Lost mutation: Scrolls take you a little longer to read. [potion of cure mutation]
  2567 | D:4      | Lost mutation: Armour fits poorly on your strangely shaped body. [potion of cure mutation]
  3058 | D:4      | Noticed Menkaure
  3068 | D:4      | Killed Menkaure
  3068 | D:4      | Reached XP level 8. HP: 61/61 MP: 8/8
  3215 | D:4      | Reached skill level 1 in Throwing
  3296 | D:5      | Entered Level 5 of the Dungeon
  3385 | D:5      | Reached skill level 5 in Fighting
  3385 | D:5      | Reached skill level 6 in Long Blades
  3542 | D:5      | Found a sparkling altar of Nemelex Xobeh.
  3633 | D:5      | Noticed Crazy Yiuf
  3639 | D:5      | Killed Crazy Yiuf
  3727 | D:5      | HP: 4/93 [ogre/giant spiked club (26)]
  3983 | D:5      | Noticed Pikel
  4005 | D:5      | Killed Pikel
  4005 | D:5      | Reached skill level 7 in Long Blades
  4005 | D:5      | Reached XP level 9. HP: 69/69 MP: 9/9
  4198 | D:5      | Reached skill level 5 in Dodging
  4252 | D:5      | Reached **** piety under Trog
  4484 | D:6      | Reached skill level 8 in Long Blades
  4730 | D:6      | Reached skill level 5 in Armour
  5279 | D:6      | Reached XP level 10. HP: 59/77 MP: 10/10
  5909 | D:7      | Reached skill level 9 in Long Blades
  5972 | D:7      | Found a staircase to the Ecumenical Temple.
  5982 | Temple   | Entered the Ecumenical Temple
  6234 | D:8      | Slain by a crocodile

Skill      XL: |  1  2  3  4  5  6  7  8  9 10 |
---------------+-------------------------------+-----
Dodging        | 3 4 5 |  5.5
Fighting       | 4 6 7 |  7.6
Long Blades    | 4 5 7 8 9 |  9.1
Armour         | 3 4 5 |  5.6
Shields        | 1 2 3 |  3.2
Throwing       | 1 2 |  2.1
Stealth        | |  0.7
Evocations     | |  0.2

Action                   |  1- 3 |  4- 6 |  7- 9 | 10-12 || total
-------------------------+-------+-------+-------+-------++-------
Melee: Falchion          |    81 |   155 |       |       ||   236
       Long sword        |       |    28 |   381 |     6 ||   415
       Great sword       |       |       |       |    93 ||    93
Throw: Tomahawk          |       |       |    24 |     3 ||    27
Invok: Berserk           |       |     2 |     5 |     1 ||     8
       Trog's Hand       |       |     2 |     4 |       ||     6
       Brothers in Arms  |       |       |       |     1 ||     1
Evoke: Wand              |       |     1 |     3 |     3 ||     7
  Use: Scroll            |       |    10 |     7 |     3 ||    20
       Potion            |       |       |     6 |       ||     6
  Eat: Chunk             |       |     4 |     2 |       ||     6
       Bread ration      |       |     1 |     1 |     2 ||     4
       Meat ration       |       |       |     2 |       ||     2
Armor: Ring mail         |    29 |    39 |       |       ||    68
       Scale mail        |       |    11 |    19 |       ||    30
       Chain mail        |       |       |   172 |    62 ||   234
Dodge: Dodged            |    40 |    88 |   152 |    81 ||   361
Block: Buckler           |    17 |    33 |    71 |     6 ||   127
